 Dungeon Crawl Stone Soup version 0.29-a0-410-g9596d59a08 (webtiles) character file.

Game seed: 4140502423649515572

1140 Bruhh the Magician (level 8, -3/50 HPs)
             Began as a Djinni Fire Elementalist on May 14, 2022.
             Was a Priest of Jiyva.
             Slain by an ogre
             ... wielding a +0 giant spiked club
              (32 damage)
             ... on level 6 of the Dungeon.
             The game lasted 00:06:46 (6797 turns).

Bruhh the Magician (Djinni Fire Elementalist)       Turns: 6797, Time: 00:06:46

Health: -3/50      AC: 10    Str: 11    XL:     8   Next: 63%
Gold:   234        EV: 12    Int: 18    God:    Jiyva [***...] SH:  0 Dex: 15

rFire   + + .      SeeInvis .   v - +0 war axe "Yxahot" {vorpal, rElec}
rCold   x . .      Faith    .   (no shield)
rNeg    + . .      Spirit   .   a - +0 robe
rPois   ∞          Reflect  .   (no helmet)
rElec   +          Harm     .   j - +1 cloak
rCorr   +          Rampage  .   (no gloves)
Will    .....      Clarity  +   (boots unavailable)
Stlth   ++........              (no amulet)
HPRegen 1.28/turn               d - +4 ring of protection
MPRegen 0.00/turn               c - ring of positive energy

@: flying
A: sickness immunity, fire resistance 2, cold vulnerability 1, float, innate
caster, HP casting, extra vitality 1, iridescent scales 1, clarity, strong 2,
sturdy frame 1, engulf
a: Renounce Religion, Oozemancy


You were on level 6 of the Dungeon.
You worshipped Jiyva.
Jiyva was most pleased with you.
You visited 1 branch of the dungeon, and saw 6 of its levels.
You also visited: Sewer.

You collected 234 gold pieces.

Inventory:

Hand Weapons
 v - the +0 war axe "Yxahot" (weapon) {vorpal, rElec}
   (You found it on level 4 of the Dungeon)

   It inflicts extra damage upon your enemies.
   rElec:     It insulates you from electricity.
Armour
 a - a +0 robe (worn)
 j - a +1 cloak (worn)
 s - a +0 leather armour
Jewellery
 c - a ring of positive energy (right hand)
 d - a +4 ring of protection (left hand)
 i - a ring of protection from fire
Wands
 u - a wand of digging (3)
Scrolls
 e - 3 scrolls of silence {unknown}
 f - 5 scrolls of identify {unknown}
 h - 2 scrolls of poison {unknown}
 m - a scroll of summoning {unknown}
 n - a scroll of vulnerability {unknown}
 p - a scroll of teleportation {unknown}
 q - a scroll of enchant armour {unknown}
 t - a scroll of amnesia {unknown}
Potions
 b - a potion of heal wounds {unknown}
 g - 2 potions of haste {unknown}
 k - 2 potions of attraction {unknown}
 l - 2 potions of resistance {unknown}
 o - a potion of experience {unknown}
 r - a potion of ambrosia {unknown}
 w - 2 potions of flight {unknown}


   Skills:
 - Level 2.1 Dodging
 - Level 1.5 Stealth
 + Level 7.8 Spellcasting


You had 3 spell levels left.
You knew the following spells:

 Your Spells              Type           Power      Damage    Failure   Level
a - Foxfire               Conj/Fire      100%       2x1d9     1%          1
b - Scorch                Fire           70%        2d9       1%          2
c - Conjure Flame         Conj/Fire      35%        6-21      1%          3
d - Inner Flame           Hex/Fire       35%        N/A       1%          3
e - Flame Wave            Conj/Fire      35%        2d8       3%          4
f - Summon Small Mammal   Summ           100%       N/A       1%          1
g - Ensorcelled Hibernat  Hex/Ice        70%        N/A       1%          2
h - Summon Guardian Gole  Hex/Summ       35%        N/A       1%          3
Your spell library was empty.

Dungeon Overview and Level Annotations

Branches:
Dungeon (6/15)             Temple (0/1) D:5           Sewer (visited)

Altars:
Vehumet
Wu Jian
Zin

Shops:
D:4 (


Innate Abilities, Weirdness & Mutations

You are immune to sickness and miasma.
You are immune to poison.
Your flesh is very heat resistant. (rF++)
You are vulnerable to cold. (rC-)
You float through the air rather than walking.
You learn spells naturally, not from books.
Your magical power is your life essence.
You have superior vitality. (+4 MHP)
You are partially covered in iridescent scales. (AC +2)
You possess an exceptional clarity of mind.
Your muscles are very strong. (Str +4)
Your movements are slightly less encumbered by armour. (ER -2)
Your melee attacks may engulf your foes in ooze.


Message History

The hound misses you. The hound barely misses you.
The hound bites you but does no damage.
Flames lash the hound.
The hound is burned terribly!
You kill the hound!
Key pressed, stopping explore.
There is a stone staircase leading up here.
Done exploring.
Done exploring.
Done exploring.
Done exploring.
There is a stone staircase leading up here.
There is a stone staircase leading up here.
There is a stone staircase leading down here.
You fly downwards.
Found a copper wand.
There is a stone staircase leading up here.
A black bear comes into view.
A black bear is nearby!
You can't see any susceptible monsters within range! (Use Z to cast anyway.)
You can't see any susceptible monsters within range! (Use Z to cast anyway.)
An ogre comes into view. It is wielding a +0 giant spiked club.
Flames lash the ogre.
The ogre is moderately wounded.
The ogre's fire resistance burns away.
The black bear growls angrily.
Flames lash the black bear.
The black bear is moderately wounded.
The black bear's fire resistance burns away.
The ogre hits you with a +0 giant spiked club!!
Flames lash the ogre.
The ogre is burned terribly!
The ogre is almost dead.
The black bear bites you but does no damage.
The black bear claws you but does no damage.
The black bear barely misses you.
You hear a slurping noise.
Flames lash the black bear.
The black bear is burned terribly!
The black bear is almost dead.
The ogre hits you with a +0 giant spiked club!!
Ouch! That really hurt!
You die...

#..# #..# ##..##
###....#
#####......##
#......<.J..##
....##.......####
# ###.........
##@...###
#..Oh...#
#.....#..#
#.....#.##
#.....# # #....#.
##..# . ### .


You could see a black bear (combustible), an ogre (combustible) and a neutral
jelly (wandering) (fellow slime).

Vanquished Creatures
  Prince Ribbit (D:5)
  An ice beast (D:5)
  An ogre (D:4)
  A centaur (D:5)
  3 necrophages
  4 hounds
  2 orc priests (D:5)
  2 jellies (Sewer)
  Ijyb (D:4)
  Terence (D:2)
  2 orc wizards (D:3)
  Natasha (thrice) (D:2)
  Robin (D:2)
  7 adders
  3 gnolls
  2 river rats
  A worm (D:3)
  3 dart slugs (D:3)
  4 orcs
  14 ball pythons
  12 endoplasms
  8 giant cockroaches
  10 goblins
  14 hobgoblins
  2 quokkas (D:4)
  6 bats
  3 frilled lizards
  3 kobolds
  11 rats
126 creatures vanquished.

Vanquished Creatures (others)
  A black bear (D:5)
  6 jellies
  An iguana (D:5)
  An orc wizard (D:3)
  A gnoll (D:5)
  An adder (D:4)
  7 orcs
  A ball python (D:3)
  5 endoplasms
  A goblin (D:3)
  A jackal (D:3)
  A bat (D:3)
  A frilled lizard (D:3)
  A kobold (D:3)
  34 foxfires (D:1)
63 creatures vanquished.

Grand Total: 189 creatures vanquished

Notes
Turn   | Place    | Note
-------+----------+-------------------------------------------
     0 | D:1      | Bruhh the Djinni Fire Elementalist began the quest for the
                  | Orb.
     0 | D:1      | Reached XP level 1. HP: 15/15 MP: 0/0
   646 | D:1      | Gained mutation: Your movements are slightly less
                  | encumbered by armour. (ER -2) [potion of mutation]
   646 | D:1      | Gained mutation: Your mind is acute. (Int +2) [potion of
                  | mutation]
   646 | D:1      | Gained mutation: You possess an exceptional clarity of
                  | mind. [potion of mutation]
   654 | D:1      | Reached XP level 2. HP: 3/21 MP: 0/0
  1018 | D:1      | Reached skill level 3 in Spellcasting
  1112 | D:1      | Reached XP level 3. HP: 14/25 MP: 0/0
  1112 | D:1      | Learned a level 1 spell: Summon Small Mammal
  1476 | D:1      | Found a faded altar of an unknown god.
  1879 | D:2      | Noticed Natasha
  1916 | D:2      | Noticed Terence
  1921 | D:2      | Killed Terence
  1922 | D:2      | Reached XP level 4. HP: 13/31 MP: 0/0
  2161 | D:2      | Noticed a necrophage
  2167 | D:2      | Killed a necrophage
  2168 | D:2      | Reached skill level 4 in Spellcasting
  2168 | D:2      | Reached XP level 5. HP: 18/35 MP: 0/0
  2168 | D:2      | Learned a level 2 spell: Ensorcelled Hibernation
  2378 | D:2      | Killed Natasha
  2612 | D:2      | Noticed Natasha
  2617 | D:2      | Killed Natasha
  2618 | D:2      | Reached XP level 6. HP: 28/40 MP: 0/0
  2624 | D:2      | Noticed Robin
  2632 | D:2      | Killed Robin
  2639 | D:2      | Identified the +1 leather armour of the Moon Troll {Dex+4
                  | SInv}
  3057 | D:2      | Reached skill level 5 in Spellcasting
  3251 | D:2      | Noticed Natasha
  3264 | D:2      | Killed Natasha
  3678 | D:3      | Found a glowing drain.
  3711 | Sewer    | Entered a sewer
  4328 | Sewer    | Reached XP level 7. HP: 41/45 MP: 0/0
  4328 | Sewer    | Learned a level 3 spell: Summon Guardian Golem
  4332 | Sewer    | Found a viscous altar of Jiyva.
  4386 | Sewer    | Became a worshipper of Jiyva Jeulof the Shapeless
  4567 | D:3      | Found a glowing silver altar of Zin.
  4690 | D:3      | You are sucked into a shaft and drop 2 floors!
  4690 | D:5      | Entered Level 5 of the Dungeon
  4741 | D:4      | Found Aheokear's Antique Weapon Shop.
  4741 | D:4      | Reached * piety under Jiyva
  5239 | D:3      | Reached ** piety under Jiyva
  5392 | D:4      | Reached skill level 6 in Spellcasting
  5548 | D:4      | Noticed Ijyb
  5552 | D:4      | Killed Ijyb
  5632 | D:4      | Identified the +0 war axe "Yxahot" {vorpal, rElec}
  5769 | D:5      | Reached *** piety under Jiyva
  5851 | D:5      | Found an ornate altar of the Wu Jian Council.
  5886 | D:5      | Reached XP level 8. HP: 48/50 MP: 0/0
  5890 | D:5      | Lost mutation: Your mind is acute. (Int +2) [Jiyva's grace]
  5890 | D:5      | Gained mutation: Your muscles are strong. (Str +2) [Jiyva's
                  | grace]
  5890 | D:5      | Gained mutation: Your muscles are very strong. (Str +4)
                  | [Jiyva's grace]
  5890 | D:5      | Gained mutation: Your melee attacks may engulf your foes in
                  | ooze. [Jiyva's grace]
  5890 | D:5      | Gained mutation: You are partially covered in iridescent
                  | scales. (AC +2) [Jiyva's grace]
  5953 | D:5      | Reached skill level 7 in Spellcasting
  6036 | D:5      | Found a staircase to the Ecumenical Temple.
  6076 | D:5      | Noticed Prince Ribbit
  6084 | D:5      | Killed Prince Ribbit
  6797 | D:6      | Slain by an ogre

Illustrated notes

Levels and vault maps discovered:
D:1:      psy_arrival_whirlpool, layout_loops_ring,
          ebering_ecumenical_altar_webs
D:2:      layout_loops_ring, minmay_circled_x, uniq_robin, uniq_terence,
          uniq_natasha
D:3:      layout_loops_corners, zin_statuary, portal_sewer_entry_a,
          minmay_between
D:4:      layout_cave_pools, lemuel_crystal_altar, serial_rivers,
          chequers_serial_rivers_micro_b, chequers_serial_rivers_small_b,
          chequers_serial_rivers_micro_a, chequers_serial_rivers_large_a,
          chequers_serial_rivers_micro_e, chequers_serial_rivers_micro_c,
          nicolae_stop_n_shop_2, uniq_ijyb
D:5:      layout_layer_cave, nicolae_wu_jian_immortal_techniques, temple_pool_b,
          uniq_prince_ribbit1
D:6:      layout_cave_pods

Skill      XL: |  1  2  3  4  5  6  7  8 |
---------------+-------------------------+-----
Spellcasting   | 3 4 5 6 7 |  7.8
Dodging        | |  2.1
Stealth        | |  1.5

Action                   |  1- 3 |  4- 6 |  7- 9 || total
-------------------------+-------+-------+-------++-------
Melee: Unarmed           |    14 |     3 |     2 ||    19
       War axe           |       |       |     3 ||     3
       Punch             |       |       |     1 ||     1
 Cast: Foxfire           |    22 |       |       ||    22
       Scorch            |    25 |    78 |    68 ||   171
       Inner Flame       |     1 |     6 |     1 ||     8
       Ensorcelled Hiber |       |     1 |       ||     1
  Use: Potion            |     1 |       |       ||     1
Armor: Robe              |     7 |     5 |    14 ||    26
Dodge: Dodged            |    26 |    19 |    17 ||    62

Table legend: (Time is in decaauts)
 A = Elapsed time spent in this place.
 B = Non-inter-level travel time spent in this place.
 C = Inter-level travel time spent in this place.
 D = Time resting spent in this place.
 E = Time spent auto-exploring this place.
 F = Levels seen in this place.
 G = Mean time per level.
                   A        B        C        D        E       F      G
               +--------+--------+--------+--------+--------+-----+--------+
         Total |   6805 |   6661 |    144 |    365 |   5474 |   7 |  972.1 |
       Dungeon |   6079 |   5935 |    144 |    365 |   4892 |   6 | 1013.2 |
         Sewer |    725 |    725 |      0 |      0 |    582 |   1 |  725.0 |
               +--------+--------+--------+--------+--------+-----+--------+

Top non-repeatable levels by time:
     D:1: 2104 daAuts
     D:2: 1579 daAuts
     D:5: 1073 daAuts
     D:3: 831 daAuts
   Sewer: 725 daAuts
     D:4: 483 daAuts
     D:6: 6 daAuts
